 Dungeon Crawl Stone Soup version 0.20.1-1-g8b1a95d (webtiles) character file.

413 Irenicus the Firebug (level 6, -3/36 HPs)
             Began as an Octopode Fire Elementalist on Nov 5, 2017.
             Slain by an ice beast (5 damage)
             ... on level 6 of the Dungeon.
             The game lasted 00:11:34 (1270 turns).

Irenicus the Firebug (Octopode Fire Elementalist)   Turns: 1270, Time: 00:11:34

Health: -3/36      AC:  1    Str:  7    XL:     6   Next: 91%
Magic:  6/9        EV: 13    Int: 19    God:
Gold:   63         SH:  7    Dex: 17    Spells: 3/9 levels left

rFire    . . .     SeeInvis .   (no weapon)
rCold    . . .     Gourm    .   h - +2 buckler
rNeg     . . .     Faith    .   (helmet restricted)
rPois    .         Spirit   .   i - amulet of magic regeneration
rElec    .         Reflect  .   (no ring)
rCorr    .         Harm     .   r - +4 ring of dexterity
MR       .....                  (no ring)
Stlth    +++.......             (no ring)
Regen    0.2/turn               (no ring)
MPRegen  0.2/turn               (no ring)
                                (no ring)
                                (no ring)

@: no status effects
A: almost no armour, stealthy swim, amphibious, 8 rings, constrict 8, camouflage
1, gelatinous body 1
a: no special abilities


You were on level 6 of the Dungeon.
You were hungry.

You visited 1 branch of the dungeon, and saw 7 of its levels.

You collected 63 gold pieces.

Inventory:

Armour
 h - a +2 buckler (worn)
Jewellery
 d - an uncursed ring of teleportation
 i - an amulet of magic regeneration (around mantle)
 r - a +4 ring of dexterity (right tentacle)
Scrolls
 c - 2 scrolls of identify
 e - a scroll of recharging
 j - a scroll of enchant weapon {unknown}
 k - 2 scrolls of remove curse
 m - a scroll of blinking {unknown}
 s - a scroll of amnesia {unknown}
Potions
 g - 2 potions of degeneration {unknown}
 l - 2 potions of might
 n - a potion of curing {unknown}
 o - a potion of brilliance {unknown}
 p - a potion of flight {unknown}
 t - 2 potions of agility {unknown}
 u - a potion of magic {unknown}
Books
 a - a book of Flames

   Spells                             Type                      Level
   a - Flame Tongue                   Conjuration/Fire             1
   b - Throw Flame                    Conjuration/Fire             2
   c - Conjure Flame                  Conjuration/Fire             3
   d - Inner Flame                    Hexes/Fire                   3
   e - Sticky Flame                   Conjuration/Fire             4
   f - Fireball                       Conjuration/Fire             5
Comestibles
 b - 3 bread rations
 f - 3 fruits
 q - a meat ration


   Skills:
 - Level 2.0 Dodging
 - Level 2.6 Stealth
 - Level 2.0 Shields
 - Level 2.1 Spellcasting
 + Level 3.2 Conjurations
 - Level 6.2 Fire Magic


You had 3 spell levels left.
You knew the following spells:

 Your Spells              Type           Power        Failure   Level  Hunger
a - Flame Tongue          Conj/Fire      ###..        3%          1    #......
b - Conjure Flame         Conj/Fire      ###.....     9%          3    ###....
c - Throw Flame           Conj/Fire      ###...       4%          2    ##.....


Dungeon Overview and Level Annotations

Branches:
Dungeon (7/15)
 Temple: D:4-7

Altars:
Elyvilon
Qazlal

Annotations:
D:3 AdmiralAndromeda's ghost, amateur KoEE
D:4 letownia2's ghost, novice DDNe


Innate Abilities, Weirdness & Mutations

You cannot wear most types of armour.
You are very stealthy in the water. (Stealth+)
You are amphibious.
You can wear up to eight rings at the same time.
You can use your tentacles to constrict eight enemies at once.
Your skin changes colour to match your surroundings (Stealth+).
Your rubbery body absorbs attacks. (AC +1, EV +1)


Message History

You kill the jackal!
The sky beast flickers out of sight!
Deactivating autopickup; reactivate with Ctrl-A.
You tentacle-slap the ice beast but do no damage.
Your squeeze misses the ice beast. The ice beast hits you.
The ice beast freezes you!
* * * LOW HITPOINT WARNING * * *
Casting: Flame Tongue
Confirm with . or Enter, or press ? or * to list all spells.
Aiming: Flame Tongue
Press: ? - help, Shift-Dir - straight line, f - ice beast
Aim: an ice beast The flame tongue hits the ice beast.
The ice beast melts!
The ice beast is moderately wounded.
The ice beast hits you.
* * * LOW HITPOINT WARNING * * *
The ice beast freezes you!
* * * LOW HITPOINT WARNING * * *
The ice beast hits you.
You die...

...# ##'#......<# ###.#
...........##+### #...#
............##. ###.#####
.............##.########........
..........................)######
.........##..# #..........# #
.............# ##..........# #
...........Y.# #...........#
.........h.#†# #@#........######
..........{#.###Y#........'....#
...........#>.†..#........####.#
...........#######.....)..##...##
......≈....# #........##.###.
...........# #........##.# #.
...........# #........##.###.
############ #........##.....
#........######.


You could see an ice beast.

Vanquished Creatures
  An ogre (D:6)
  A bullfrog (D:6)
  A centaur zombie (D:7)
  A hound (D:7)
  An orc wizard (D:6)
  An orc priest (D:6)
  A killer bee zombie (D:6)
  A hound skeleton (D:4)
  3 adders
  A shadow imp (D:6)
  An ooze (D:1)
  An adder skeleton (D:6)
  2 adder zombies
  2 worms (D:2)
  A dart slug (D:2)
  4 leopard geckos
  3 orcs (D:6)
  2 ball pythons
  5 bats
  2 giant cockroaches
  2 goblins (D:3)
  2 hobgoblins
  9 jackals
  3 kobolds
  A quokka (D:2)
  A frilled lizard (D:1)
  6 rats
59 creatures vanquished.

Notes
Turn   | Place    | Note
-------+----------+-------------------------------------------
     0 | D:1      | Irenicus the Octopode Fire Elementalist began the quest for the Orb.
     0 | D:1      | Reached XP level 1. HP: 11/11 MP: 3/3
    88 | D:1      | Reached XP level 2. HP: 17/17 MP: 1/5
   309 | D:1      | Reached XP level 3. HP: 17/21 MP: 2/6
   448 | D:2      | Reached skill level 4 in Fire Magic
   459 | D:2      | Learned a level 3 spell: Conjure Flame
   524 | D:3      | Found a stormy altar of Qazlal.
   633 | D:3      | Reached XP level 4. HP: 18/27 MP: 5/7
   641 | D:3      | Noticed AdmiralAndromeda's ghost (amateur KoEE)
   641 | D:3      | Found a white marble altar of Elyvilon.
   651 | D:2      | Reached skill level 1 in Shields
   689 | D:4      | Noticed letownia2's ghost (novice DDNe)
   695 | D:3      | Learned a level 2 spell: Throw Flame
   736 | D:5      | Entered Level 5 of the Dungeon
   891 | D:6      | Reached XP level 5. HP: 25/31 MP: 2/8
   903 | D:6      | Reached skill level 5 in Fire Magic
   910 | D:6      | Noticed a hippogriff
  1013 | D:7      | Reached XP level 6. HP: 12/36 MP: 2/9
  1044 | D:7      | Noticed a hippogriff
  1143 | D:6      | Reached skill level 6 in Fire Magic
  1235 | D:6      | Noticed a sky beast
  1248 | D:6      | Noticed an ice beast
  1270 | D:6      | Slain by an ice beast

Skill      XL: |  1  2  3  4  5  6 |
---------------+-------------------+-----
Fire Magic     | 4 5 6 |  6.2
Conjurations   | 2 3 |  3.2
Shields        | 2 |  2.0
Dodging        | |  2.0
Stealth        | |  2.6
Spellcasting   | |  2.1

Action                   |  1- 3 |  4- 6 || total
-------------------------+-------+-------++-------
Melee: Unarmed           |    39 |    65 ||   104
       Constrict         |    13 |    22 ||    35
       Tentacles         |     6 |    19 ||    25
 Cast: Flame Tongue      |    41 |    42 ||    83
       Conjure Flame     |       |     3 ||     3
       Throw Flame       |       |     1 ||     1
  Use: Scroll            |     1 |     2 ||     3
 Stab: Sleeping          |     7 |     3 ||    10
  Eat: Chunk             |       |     2 ||     2
Armor: Skin              |     1 |     4 ||     5
Dodge: Dodged            |    28 |    41 ||    69
Block: Buckler           |     4 |    24 ||    28
